 Dungeon Crawl Stone Soup version 0.27-a0-1374-gc14e5d3922 (webtiles) character file.

Game seed: 12798870652416110105

4375 HAL9000 the Covert (level 10, -1/46 HPs)
             Began as a Vine Stalker Brigand on June 29, 2021.
             Was a Believer of Dithmenos.
             Slain by a killer bee (6 damage)
             ... on level 9 of the Dungeon.
             The game lasted 00:14:22 (6452 turns).

HAL9000 the Covert (Vine Stalker Brigand)           Turns: 6452, Time: 00:14:22

Health: -1/46      AC:  7    Str: 14    XL:     10   Next: 35%
Magic:  0/11       EV: 12    Int: 13    God:    Dithmenos [**....]
Gold:   494        SH:  0    Dex: 23    Spells: 3/9 levels left

rFire    . . .     SeeInvis .   y - +1 dagger (elec)
rCold    + . .     Faith    .   (no shield)
rNeg     + . .     Spirit   +   B - +1 robe {rC+}
rPois    .         Reflect  .   J - +0 helmet
rElec    .         Harm     .   c - +0 cloak
rCorr    .         Rampage  .   (no gloves)
Will     +....                  i - +1 pair of boots
Stlth    +++++++...             g - amulet of the acrobat
HPRegen  1.15/turn              h - +6 ring of dexterity
MPRegen  0.12/turn              A - ring of positive energy

@: about to teleport, wreathed by umbra
A: fangs 3, regeneration 1, magic shield, antimagic bite, no potion heal 2
a: Renounce Religion, Shadow Step


You were on level 9 of the Dungeon.
You worshipped Dithmenos.
Dithmenos was pleased with you.
You visited 2 branches of the dungeon, and saw 10 of its levels.
You also visited: Ossuary.

You collected 494 gold pieces.

Inventory:

Hand Weapons
 a - a +2 dagger
 y - a +1 dagger of electrocution (weapon)
 z - a +0 rapier of electrocution
Missiles
 d - 83 poisoned darts (quivered)
 e - a curare-tipped dart
 f - 22 boomerangs
 v - a throwing net
Armour
 c - a +0 cloak (worn)
 i - a +1 pair of boots (worn)
 B - a +1 robe of cold resistance (worn)
 J - a +0 helmet (worn)
Jewellery
 g - an amulet of the acrobat (around neck)
 h - a +6 ring of dexterity (left hand)
 A - a ring of positive energy (right hand)
 H - an amulet of magic regeneration
Wands
 o - a wand of charming (3)
 E - a wand of flame (21)
Scrolls
 b - 2 scrolls of amnesia {unknown}
 k - 3 scrolls of blinking {unknown}
 n - 2 scrolls of fear {unknown}
 p - a scroll of noise {unknown}
 q - a scroll of silence {unknown}
 s - a scroll of enchant armour {unknown}
 t - a scroll of brand weapon
 u - 2 scrolls of enchant weapon {unknown}
 x - a scroll of immolation {unknown}
 C - a scroll of summoning
 D - 2 scrolls of teleportation
 K - a scroll of magic mapping {unknown}
Potions
 j - 3 potions of ambrosia {unknown}
 l - 3 potions of flight {unknown}
 m - 6 potions of curing
 r - 2 potions of haste
 w - 4 potions of might
 F - a potion of brilliance
 G - 2 potions of magic
 I - a potion of invisibility {unknown}


   Skills:
 - Level 1.7 Fighting
 - Level 8.1 Short Blades
 - Level 3.0 Throwing
 - Level 0.7 Dodging
 + Level 11.7 Stealth
 * Level 8.0 Hexes


You had 3 spell levels left.
You knew the following spells:

 Your Spells              Type           Power      Damage    Failure   Level
a - Slow                  Hex            20%        N/A       1%          2
b - Cause Fear            Hex            10%        N/A       12%         4

Your spell library contained the following spells:

 Spells                   Type           Power      Damage    Failure   Level
 Corona                   Hex            22%        N/A       1%          1
 Inner Flame              Hex/Fire       10%        N/A       19%         3
 Portal Projectile        Hex/Tloc       20%        N/A       19%         3
 Beastly Appendage        Tmut           0%         N/A       30%         1
 Freeze                   Ice            0%         1d3       30%         1
 Wereblood                Tmut           0%         N/A       43%         2
 Frozen Ramparts          Ice            0%         1d2       67%         3
 Ozocubu's Armour         Ice            0%         N/A       67%         3
 Spider Form              Tmut/Pois      0%         N/A       67%         3
 Leda's Liquefaction      Hex/Erth       5%         N/A       52%         4
 Metabolic Englaciation   Hex/Ice        5%         N/A       86%         5
 Hailstorm                Conj/Ice       0%         3d3       97%         4
 Ice Form                 Ice/Tmut       0%         N/A       97%         4


Dungeon Overview and Level Annotations

Branches:
Dungeon (9/15)             Temple (1/1) D:7         Ossuary (visited)
   Lair: D:8-11         Orc: D:9-12

Altars:
Ashenzari
Dithmenos
Elyvilon
Fedhas
Hepliaklqana
Nemelex Xobeh
Qazlal
Ru
Sif Muna
Trog
Uskayaw
Wu Jian
Yredelemnul
Zin

Shops:
D:6 ::


Innate Abilities, Weirdness & Mutations

You have razor-sharp teeth.
Your natural rate of healing is unusually fast.
When hurt, damage is shared between your health and your magic reserves.
Your bite disrupts and absorbs the magic of your enemies.
Potions cannot restore your health.


Message History

Dithmenos accepts your kill.
You feel sick.
You feel sick. The killer bee completely misses you. The killer bee misses you.
Items here: $ ( ) ††.
You closely miss the killer bee. You bite the killer bee. You drain its power.
You feel invigorated.
The killer bee is lightly wounded.
You feel sick.
You hear an angry buzzing noise.
A killer bee comes into view.
You hit the killer bee.
Lightning courses through the killer bee!
Your bite misses the killer bee.
The killer bee is severely wounded.
You feel sick. The killer bee barely misses you. The killer bee stings you.
You are more poisoned.
The killer bee poisons you!
You barely miss the killer bee.
You bite the killer bee, but do no damage.
The killer bee is severely wounded.
You feel sick. The killer bee stings you.
You are more poisoned.
The killer bee poisons you! The killer bee stings you.
You are lethally poisoned!
The killer bee poisons you! The killer bee closely misses you.
As you read the scroll of teleportation, it crumbles to dust.
You feel strangely unstable.
* * * LOW HITPOINT WARNING * * *
You feel extremely sick. The killer bee stings you.
* * * LOW HITPOINT WARNING * * *
The killer bee closely misses you. The killer bee stings you.
* * * LOW HITPOINT WARNING * * *
The killer bee misses you. The killer bee barely misses you.
The killer bee stings you!
* * * LOW HITPOINT WARNING * * *
Unknown command.
Okay, then.
Your system rejects the healing.
You feel better. The killer bee stings you!
You die...

#### #....#.. ##..##
#.....# ... #....#
##...#....
##....####....#.... #
##......##.......#
.#.#........##<.....#
.....#..............##
......y....#...........
..#..y@##.#....###.###
##.y###.##...# ... #...
.......# .Z♣# .....
.##.<..# . ..#.... ..
#..>.# # #.... ..
#....# #....... .....#
..... #y....# ...#....


You could see 3 killer bees.

Vanquished Creatures
  A two-headed ogre (D:9)
  Prince Ribbit (D:7)
  3 yaks
  A wyvern (D:7)
  A water moccasin (D:8)
  2 black bears
  An ice beast (D:8)
  A sky beast (D:4)
  4 centaurs
  A bullfrog (D:6)
  2 scorpions (D:6)
  A wyvern skeleton (D:7)
  3 water moccasin zombies (Ossuary)
  7 killer bees
  8 wights
  A howler monkey (D:6)
  3 centaur zombies
  2 bullfrog zombies
  5 hounds
  2 jellies
  2 gnoll shamans
  3 iguanas
  A scorpion zombie (D:3)
  9 orc wizards
  A killer bee zombie (D:9)
  2 mummies (Ossuary)
  A howler monkey skeleton (D:4)
  11 gnolls
  8 adders
  A shadow imp (D:7)
  7 adder zombies (Ossuary)
  An adder skeleton (D:4)
  A worm (D:2)
  3 dart slugs
  22 orcs
  2 endoplasms
  3 giant cockroaches
  4 goblins
  12 hobgoblins
  7 jackals (D:1)
  4 kobolds
  5 quokkas
  4 ball pythons
  5 bats
  2 frilled lizards (D:2)
  2 gnoll zombies (Ossuary)
  6 hobgoblin zombies (Ossuary)
  9 kobold zombies (Ossuary)
  3 orc zombies (Ossuary)
  6 rats
  A spectral hobgoblin (D:7)
198 creatures vanquished.

Vanquished Creatures (others)
  23 plants
23 creatures vanquished.

Grand Total: 221 creatures vanquished

Notes
Turn   | Place    | Note
-------+----------+-------------------------------------------
     0 | D:1      | HAL9000 the Vine Stalker Brigand began the quest for the
                  | Orb.
     0 | D:1      | Reached XP level 1. HP: 11/11 MP: 2/2
   137 | D:1      | Reached XP level 2. HP: 2/15 MP: 3/3
   860 | D:1      | Reached XP level 3. HP: 18/18 MP: 4/4
  1090 | D:2      | Found a faded altar of an unknown god.
  1543 | D:2      | Gained mutation: Your natural rate of healing is unusually
                  | fast. [Vine Stalker growth]
  1543 | D:2      | Reached XP level 4. HP: 21/23 MP: 3/5
  1979 | D:3      | Reached XP level 5. HP: 26/26 MP: 6/6
  2517 | D:4      | Learned a level 2 spell: Slow
  2627 | D:4      | Reached XP level 6. HP: 30/30 MP: 7/7
  2762 | D:4      | Reached skill level 5 in Short Blades
  2762 | D:4      | Reached skill level 1 in Hexes
  2785 | D:4      | Noticed a sky beast
  2787 | D:4      | Killed a sky beast
  2856 | D:4      | Reached XP level 7. HP: 34/34 MP: 6/8
  3138 | D:5      | Entered Level 5 of the Dungeon
  3627 | D:4      | Gained mutation: You have razor-sharp teeth. [Vine Stalker
                  | growth]
  3627 | D:4      | Reached XP level 8. HP: 37/38 MP: 9/9
  3874 | D:6      | Found Houpiwe's Self-Improvement Boutique.
  4123 | D:6      | Found Xaq Piuv's Book Boutique.
  4392 | D:6      | Reached skill level 5 in Hexes
  4421 | D:6      | Learned a level 4 spell: Cause Fear
  4460 | D:7      | Reached skill level 5 in Stealth
  4523 | D:7      | Reached XP level 9. HP: 42/42 MP: 10/10
  4536 | D:7      | Reached skill level 6 in Stealth
  4628 | D:7      | Found a hazy altar of Hepliaklqana.
  4648 | D:7      | Noticed Prince Ribbit
  4662 | D:7      | Killed Prince Ribbit
  4663 | D:7      | Reached skill level 7 in Stealth
  4768 | D:7      | Found a staircase to the Ecumenical Temple.
  4792 | Temple   | Entered the Ecumenical Temple
  4850 | Temple   | Became a worshipper of Dithmenos the Shadowed
  5374 | D:8      | Found a sand-covered staircase.
  5383 | Ossuary  | Entered an ossuary
  5427 | Ossuary  | Reached skill level 8 in Stealth
  5470 | Ossuary  | Reached * piety under Dithmenos
  5634 | D:8      | Reached skill level 9 in Stealth
  6138 | D:9      | Reached skill level 10 in Stealth
  6204 | D:9      | Noticed a two-headed ogre
  6230 | D:9      | Killed a two-headed ogre
  6231 | D:9      | Reached skill level 11 in Stealth
  6231 | D:9      | Reached XP level 10. HP: 6/46 MP: 1/11
  6445 | D:9      | Reached ** piety under Dithmenos
  6452 | D:9      | Slain by a killer bee

Illustrated notes

Levels and vault maps discovered:
D:1:      minmay_arrival_widening_spiral_wide, layout_rooms, moated_statue,
          minmay_statues_item, serial_bayou_lagoon_a
D:2:      layout_rooms, shapermc_ecumenical_altar_totnotflames
D:3:      layout_basic, serial_curves, eino_curves_01, eino_curves_03
D:4:      layout_loops_ring, kennysheep_generic_room_7
D:5:      layout_rooms, serial_bayou_pond_c, hex_intersection
D:6:      layout_gridville, serial_shops, nicolae_shop_behind_doors,
          minmay_holes, nicolae_shop_self_help
D:7:      layout_basic, nicolae_hepliaklqana_monster_ancestors,
          minmay_temple_entry_drinking_statues, interstate_on_off,
          grunt_decor_arrowhead, grunt_ministairs_7, uniq_prince_ribbit1
D:8:      layout_loops_ring, nicolae_ossuary_entry_monument,
          hangedman_abyss_or_decor_passed
D:9:      nzn_winding_woodlands_large [nzn_winding_woodlands_5x5_checkerboard,
          nzn_winding_woodlands_5x15_split_checker,
          nzn_winding_woodlands_5x5_perimeter,
          nzn_winding_woodlands_center_lodge,
          nzn_winding_woodlands_15x15_eel_pit,
          nzn_winding_woodlands_center_garden, nzn_winding_woodlands_hourglass,
          nzn_winding_woodlands_5x15_cabin,
          nzn_winding_woodlands_5x5_closed_star], layout_cave_pools,
          kennysheep_opposing_triangles
Temple:   cyrus_circular_temple

Skill      XL: |  1  2  3  4  5  6  7  8  9 10 |
---------------+-------------------------------+-----
Throwing       | 2 3 |  3.0
Short Blades   | 2 3 4 5 7 8 |  8.1
Hexes          | 2 3 5 7 8 |  8.0
Stealth        | 5 11 | 11.7
Fighting       | |  1.7
Dodging        | |  0.7

Action                   |  1- 3 |  4- 6 |  7- 9 | 10-12 || total
-------------------------+-------+-------+-------+-------++-------
Melee: Dagger            |   113 |   172 |   279 |    53 ||   617
       Bite              |    37 |    60 |    94 |    21 ||   212
Throw: Dart              |     1 |     6 |    27 |       ||    34
 Cast: Slow              |       |       |     2 |       ||     2
  Use: Scroll            |       |       |     8 |     1 ||     9
       Potion            |       |       |       |     1 ||     1
 Stab: Sleeping          |     8 |     8 |    23 |       ||    39
Armor: Robe              |    28 |    54 |    52 |     9 ||   143
Dodge: Dodged            |    53 |    94 |   168 |    45 ||   360

Table legend: (Time is in decaauts)
 A = Elapsed time spent in this place.
 B = Non-inter-level travel time spent in this place.
 C = Inter-level travel time spent in this place.
 D = Time resting spent in this place.
 E = Time spent auto-exploring this place.
 F = Levels seen in this place.
 G = Mean time per level.
                   A        B        C        D        E       F      G
               +--------+--------+--------+--------+--------+-----+--------+
         Total |   6289 |   5893 |    396 |    632 |   3901 |  11 |  571.7 |
       Dungeon |   6074 |   5706 |    368 |    632 |   3789 |   9 |  674.9 |
        Temple |     73 |     45 |     28 |      0 |     43 |   1 |   73.0 |
       Ossuary |    141 |    141 |      0 |      0 |     69 |   1 |  141.0 |
               +--------+--------+--------+--------+--------+-----+--------+

Top non-repeatable levels by time:
     D:1: 998 daAuts
     D:2: 814 daAuts
     D:8: 789 daAuts
     D:6: 720 daAuts
     D:4: 671 daAuts
     D:3: 648 daAuts
     D:7: 641 daAuts
     D:5: 569 daAuts
     D:9: 220 daAuts
 Ossuary: 141 daAuts
  Temple: 73 daAuts
